Map: 2000 атмосфер РВ

Players

ИИ 1 (эксперт) - Winner!

  • Race: Protoss Protoss

Doll

  • Race: Terran Terran
  • League: Master

VOD

Have the link to the VOD?

Description

Time

  • Played on: Aug. 1, 2021, 4:21 p.m.
  • Length: 11:49
Show
View Real Time Build Order
Export as new Build Order

ИИ 1 (эксперт) Protoss - Winner!

Build Orders: 1 Gate Expand, Zealot Archon, Colossus Rush 

Get SALT Encoding   

  12  0:00  Probe  
  13  0:13  Probe  
  14  0:19  Pylon  
  14  0:25  Probe  
  15  0:34  Probe  
  15  0:42  Probe  
  16  0:47  Assimilator  
  17  0:50  Gateway  
  17  0:52  Probe  
  18  0:59  Pylon  
  18  1:00  Probe  
  19  1:08  Probe  
  19  1:18  Probe  
  21  1:30  Probe  
  22  1:36  Nexus  
  22  1:42  Probe  
  22  1:45  Zealot  
  25  1:58  Cybernetics Core  
  25  1:59  Probe  
  26  2:11  Probe  
  27  2:23  Probe  
  27  2:24  Warp Gate  
  27  2:26  Pylon  
  28  2:35  Probe, Gateway, Stalker  
  31  2:41  Assimilator  
  31  2:47  Probe  
  32  2:57  Pylon  
  32  2:59  Probe  
  32  3:00  Probe  
  32  3:04  Adept  
  36  3:08  Probe  
  36  3:11  Probe  
  38  3:19  Robotics Facility  
  38  3:20  Probe  
  38  3:22  Adept  
  38  3:26  Probe  
  42  3:33  Probe  
  43  3:34  Adept  
  43  3:38  Probe  
  46  3:42  Adept  
  46  3:45  Probe  
  47  3:50  Probe  
  50  3:57  Adept, Probe  
  52  4:02  Probe  
  52  4:09  Pylon, Probe  
  56  4:10  Observer  
  56  4:13  Robotics Bay  
  56  4:14  Probe  
  57  4:18  Robotics Facility  
  57  4:20  Adept  
  57  4:21  Probe  
  57  4:23  Pylon  
  60  4:33  Probe, Stalker  
  60  4:35  Probe  
  60  4:36  Pylon  
  64  4:40  Stalker  
  66  4:56  Gateway  
  66  5:03  Pylon  
  66  5:04  Zealot  
  68  5:07  Zealot  
  68  5:12  Colossus  
  76  5:17  Pylon  
  76  5:22  Zealot  
  76  5:23  Zealot  
  80  5:44  Pylon, Sentry, Probe x2, Stalker  
  80  5:46  Gateway  
  86  6:04  Nexus, Twilight Council  
  86  6:06  Assimilator  
  86  6:08  Forge  
  86  6:09  Assimilator  
  86  6:23  Probe  
  86  6:28  Pylon  
  86  6:31  Pylon  
  86  6:32  Probe x2  
  89  6:44  Photon Cannon  
  89  6:45  Stalker x2  
  93  6:50  Photon Cannon  
  93  6:52  Templar Archives  
  93  6:56  Photon Cannon  
  93  6:58  Forge  
  93  7:06  Stalker  
  95  7:15  Probe  
  95  7:17  Probe x2  
  95  7:18  Zealot x3  
  95  7:22  Zealot  
  106  7:23  Probe  
  106  7:24  Assimilator  
  106  7:29  Probe x2  
  109  7:30  Pylon  
  109  7:31  Assimilator, Probe  
  109  7:35  High Templar  
  112  7:38  Sentry, Zealot  
  112  7:39  High Templar  
  112  7:41  Probe  
  112  7:42  Probe  
  112  7:43  Probe  
  112  7:44  Immortal  
  125  7:52  Immortal  
  125  7:53  Probe, Archon  
  125  7:54  Probe  
  125  7:55  Probe  
  125  7:58  Pylon  
  132  7:59  Stalker  
  132  8:02  Probe, Zealot  
  132  8:05  Probe  
  109  8:07  High Templar  
  109  8:08  Probe  
  109  8:10  Probe  
  95  8:14  Probe, High Templar  
  95  8:19  Probe  
  99  8:22  Probe  
  99  8:27  Probe  
  99  8:28  High Templar  
  99  8:30  Adept  
  99  8:31  Probe  
  103  8:35  Probe  
  103  8:39  Stalker  
  92  8:46  Adept  
  78  8:50  Zealot  
  76  9:00  Zealot  
  76  9:02  High Templar  
  76  9:07  Zealot  
  78  9:15  High Templar  
  78  9:18  Adept  
  68  9:27  Zealot  
  68  9:30  Probe x2  
  68  9:33  Zealot  
  68  9:36  High Templar  
  62  9:42  Probe, Zealot  
  62  9:43  Probe  
  57  9:47  Zealot  
  56  9:53  High Templar  
  56  9:54  Probe  
  56  9:55  Probe  
  56  9:58  Zealot  
  61  10:00  Nexus  
  61  10:04  Probe  
  59  10:07  Probe  
  59  10:08  High Templar  
  59  10:09  Zealot  
  59  10:12  Probe  
  59  10:18  Zealot  
  59  10:19  Probe  
  59  10:21  Probe  
  60  10:24  High Templar  
  60  10:25  Zealot  
  61  10:31  Zealot  
  61  10:33  Pylon  
  59  10:40  Zealot  
  59  10:45  Probe  
  59  10:46  High Templar, Zealot  
  62  10:50  Probe  
  62  10:56  Zealot  
  63  10:57  Probe  
  63  11:00  Adept  
  63  11:02  Probe  
  63  11:05  Nexus  
  63  11:06  High Templar  
  63  11:07  Assimilator  
  60  11:13  High Templar  
  60  11:16  Zealot  
  58  11:20  Stalker  
  52  11:29  Probe x2  
  52  11:31  Zealot  
  51  11:36  Stalker  
  48  11:43  Adept  
  48  11:46  High Templar  
Show
View Real Time Build Order
Export as new Build Order

Doll Terran 

Build Orders: 2 Factory, Mech 

Get SALT Encoding   

  12  0:01  SCV  
  13  0:14  Supply Depot  
  13  0:17  SCV  
  14  0:29  SCV  
  15  0:38  Barracks  
  15  0:44  SCV  
  16  1:11  Command Center  
  16  1:14  SCV  
  17  1:24  Marine  
  18  1:29  SCV  
  18  1:30  Supply Depot  
  19  1:39  Refinery  
  19  1:42  Marine, SCV  
  21  1:54  SCV  
  22  1:59  Refinery  
  22  2:00  Marine  
  23  2:06  SCV  
  24  2:18  SCV  
  24  2:19  Marine  
  26  2:23  Orbital Command  
  26  2:30  SCV  
  26  2:36  Factory  
  27  2:37  Marine  
  27  2:44  Orbital Command  
  28  2:49  SCV  
  29  2:56  Marine  
  30  3:02  SCV  
  30  3:03  Factory  
  31  3:09  SCV  
  32  3:15  Barracks Tech Lab  
  32  3:16  SCV  
  33  3:22  Factory, SCV  
  33  3:23  Factory Tech Lab  
  34  3:28  SCV  
  35  3:34  Supply Depot, Marine, SCV  
  37  3:44  Refinery  
  37  3:45  SCV  
  37  3:47  Refinery  
  37  3:48  SCV  
  39  3:50  Siege Tank, Factory Tech Lab  
  42  3:58  SCV  
  42  4:00  Marine  
  42  4:01  SCV  
  45  4:04  Supply Depot  
  45  4:13  Siege Tank  
  45  4:14  Factory Tech Lab  
  48  4:19  SCV x2  
  50  4:26  Siege Tank  
  50  4:29  Marauder  
  55  4:32  SCV x2  
  57  4:42  Siege Tank  
  60  4:47  Supply Depot  
  60  4:53  Marauder  
  60  4:57  Supply Depot  
  62  5:04  Supply Depot  
  62  5:05  Barracks  
  62  5:07  Barracks  
  62  5:10  Siege Tank, SCV  
  62  5:11  SCV  
  62  5:12  Starport  
  67  5:19  Marauder  
  67  5:20  Concussive Shells  
  69  5:23  Cyclone  
  69  5:26  SCV  
  73  5:28  SCV  
  73  5:34  Siege Tank  
  77  5:42  Marauder  
  79  5:50  Command Center  
  79  5:53  SCV x2  
  79  5:54  Barracks Tech Lab  
  79  5:55  Barracks Tech Lab  
  81  5:57  Starport Tech Lab  
  81  6:05  Siege Tank, Bunker  
  81  6:06  SCV  
  85  6:12  Supply Depot  
  85  6:13  SCV  
  86  6:18  Supply Depot  
  86  6:21  Ghost Academy  
  86  6:26  Engineering Bay  
  86  6:29  Engineering Bay  
  86  6:34  SCV x2  
  86  6:35  Cyclone  
  86  6:37  Marauder  
  93  6:43  Cyclone  
  96  6:47  Siege Tank  
  96  6:50  Stimpack  
  96  6:52  Combat Shield  
  99  6:55  SCV x2  
  99  6:57  Marine  
  102  7:04  Supply Depot  
  102  7:05  Terran Infantry Weapons Level 1  
  102  7:06  Supply Depot  
  102  7:12  Armory  
  102  7:14  Orbital Command  
  102  7:19  SCV x2  
Tags
 
Add a new tag
Caveats
  • Supply blocks, unpowered buildings, or Contaminate may cause inaccurate times.
  • Supply counts are checked every 10 seconds.